 Dungeon Crawl Stone Soup version bcrawl-1.15-1-g696c4cd9b6 (webtiles) character file.

Game seed: 12830547799208596066

21103 Chiseanne the Cleaver (level 12, -20/98 HPs)
             Began as a Mummy Archaeologist on Sept 23, 2019.
             Was an Initiate of Gozag.
             Killed from afar by a wretched star (23 damage)
             ... with an orb of energy
             ... on level 1 of the Abyss.
             The game lasted 00:36:21 (12058 turns).

Chiseanne the Cleaver (Mummy Archaeologist)        Turns: 12058, Time: 00:36:22

Health: -20/98     AC: 19    Str: 14    XL:     12   Next: 51%
Magic:  0/17       EV: 14    Int: 14    God:    Gozag
Gold:   296        SH:  0    Dex: 15    Spells: 11/11 levels left

rFire    x . .     SeeInvis .   s - +8 war axe "Icinlim" {venom, rN+}
rCold    + . .     Gourm    .   (no shield)
rNeg     + + +     Faith    .   u - +2 scale mail of Bilohirph {Slay+5}
rPois    ∞         Spirit   +   P - +2 hat of Resonance {+Blink rN+}
rElec    .         Reflect  .   R - +1 cloak {rPois}
rCorr    .         Harm     .   (no gloves)
MR       +....     Clarity  +   I - +1 pair of boots
Stlth    +.........             y - amulet of guardian spirit
HPRegen  0.26/turn              c - +4 ring of protection
MPRegen  0.15/turn              H - +2 ring of slaying

@: no status effects
A: no food or potions, fire vulnerability, clarity, cold resistance 1, negative
energy resistance 3, torment resistance, unbreathing
a: Potion Petition, Call Merchant, Bribe Branch, Renounce Religion, Evoke Blink


You were on level 1 of the Abyss.
You worshipped Gozag.
Gozag was aware of your devotion.
You were not hungry.

You visited 1 branch of the dungeon, and saw 11 of its levels.
You visited the Abyss 1 time.

You collected 4090 gold pieces.
You spent 3075 gold pieces at shops.
You paid 719 gold pieces to Gozag.

Inventory:

Hand Weapons
 a - the +8 Wrath of Trog {antimagic, *Rage}

   It reduces the magical energy of the wielder, and disrupts the spells and
   magical abilities of those hit.
   Natural abilities and divine invocations are not affected.
   It may make you go berserk in combat.
 d - the +7 dire flail "Cutasysm" {crush, rF+}
   (You bought it in a shop on level 6 of the Dungeon)

   It inflicts extra damage upon your enemies.
   It protects you from fire.
 s - the +8 war axe "Icinlim" (weapon) {venom, rN+}
   (You bought it in a shop on level 6 of the Dungeon)

   It poisons the flesh of those it strikes.
   It protects you from negative energy.
 w - a cursed +1 blowgun
Missiles
 e - 208 tomahawks (quivered)
 g - 513 bolts
 k - 816 sling bullets
 A - 389 poisoned needles
 B - 1233 arrows
 G - 3 throwing nets {!f}
 O - 97 javelins
Armour
 u - the +2 scale mail of Bilohirph (worn) {Slay+5}
   (You bought it in a shop on level 11 of the Dungeon)

   It affects your accuracy and damage with ranged weapons and melee attacks
   (+5).
 I - a +1 pair of boots (worn)
 P - the +2 hat of Resonance (worn) {+Blink rN+}
   (You bought it in a shop on level 10 of the Dungeon)

   It protects you from negative energy.
   It lets you blink.
 R - a +1 cloak of poison resistance (worn)
Magical Staves
 M - an uncursed staff of cold
Jewellery
 c - a +4 ring of protection (left hand)
 i - an uncursed ring of protection from fire
 n - an uncursed ring of see invisible
 o - an uncursed ring of insulation
 t - an uncursed ring of magical power
 y - an amulet of guardian spirit (around neck)
 H - a +2 ring of slaying (right hand)
Wands
 l - a wand of enslavement (9)
 m - a wand of disintegration (12)
 p - a wand of iceblast (29)
 v - a wand of clouds (2)
 D - a wand of flame (39)
 E - a wand of acid (19)
 F - a wand of digging (6)
 K - a wand of random effects (8)
Scrolls
 b - 2 scrolls of blinking
 f - a scroll of summoning
 h - a scroll of silence
 j - 7 scrolls of teleportation
 q - 2 scrolls of immolation
 r - 2 scrolls of magic mapping
 x - 2 scrolls of amnesia
 z - 7 scrolls of remove curse
 C - 4 scrolls of fog
 N - 2 scrolls of fear
Miscellaneous
 L - a fan of gales


   Skills:
 * Level 10.3 Fighting
 * Level 10.6 Axes
 - Level 0.7(6.7) Maces & Flails
 - Level 3.3 Armour
 * Level 9.1 Dodging
 - Level 2.6 Stealth
 * Level 7.6 Evocations


You had 11 spell levels left.
You didn't know any spells.
Your spell library contained the following spells:

 Spells                   Type           Power        Failure   Level  Hunger
 Apportation              Tloc           #.....       75%         1    N/A
 Infusion                 Chrm           #.......     75%         1    N/A
 Magic Dart               Conj           #...         75%         1    N/A
 Sandblast                Erth           #.....       75%         1    N/A
 Slow                     Hex            #.......     75%         1    N/A
 Summon Butterflies       Summ           #.......     75%         1    N/A
 Searing Ray              Conj           #.....       87%         2    N/A
 Iskenderun's Mystic Bla  Conj           #.......     98%         3    N/A
 Fulminant Prism          Conj/Hex       #.........   100%        4    N/A
 Irradiate                Conj/Tmut      #.........   100%        5    N/A
 Lightning Bolt           Conj/Air       #.........   100%        5    N/A
 Icicle Burst             Conj/Ice       #.........   100%        7    N/A
 Chain Lightning          Conj/Air       #.........   100%        8    N/A
 Ignition                 Fire           #.........   100%        8    N/A
 Shatter                  Erth           #.........   100%        9    N/A
 Tornado                  Air            #.........   100%        9    N/A

Dungeon Overview and Level Annotations

Branches:
Dungeon (11/12)            Temple (0/1) D:7            Lair (0/6) D:7
    Orc (0/1) D:8          Vaults (0/3) D:11

Altars:
Cheibriados
Dithmenos
Fedhas
Gozag
Makhleb
Nemelex Xobeh
Okawaru
Qazlal
Trog
Vehumet
Wu Jian
Zin
The Shining One

Shops:
D:4 %   D:6 (   D:7 =*=(   D:10 %[   D:11 (?!*


Innate Abilities, Weirdness & Mutations

You do not eat or drink.
Your flesh is vulnerable to fire.
You are immune to poison.
You possess an exceptional clarity of mind.
Your flesh is cold resistant. (rC+)
You are immune to negative energy. (rN+++)
You are immune to unholy pain and torment.
You can survive without breathing.


Message History

You completely miss the wretched star.
The wretched star is lightly damaged.
You closely miss the wretched star.
The wretched star is lightly damaged.
You completely miss the wretched star.
The wretched star is lightly damaged.
The wretched star glows turbulently.
The orb of energy misses you.
You slash the wretched star!
The wretched star is moderately damaged.
The wretched star glows turbulently.
The orb of energy hits you!
* * * LOW HITPOINT WARNING * * *
The orb of energy explodes!
You slash the wretched star!
The wretched star is moderately damaged.
The wretched star glows turbulently.
The orb of energy hits you!
You die...
Your body crumbles into a pile of gold.

.... .....
#..*.
#...# . .
# ##..# ..
# ##.# . #
. # #*##
.. #
##@#......
#.# ..
##......#
#. .
#...#.. .
#
#.#..#..#
# ( .. .
....#. ...
###..#...
.. .... #
..### #
... . ....
. # .. ...
#


You could see a wretched star.

Vanquished Creatures
  A hydra (D:11)
  A catoblepas (D:10)
  2 centaur warriors
  2 two-headed ogres (D:11)
  A tengu warrior (D:11)
  3 death yaks (D:7)
  A wizard (D:11)
  A cyclops (D:10)
  An ugly thing (D:10)
  A manticore (D:10)
  A wolf spider zombie (D:11)
  A large abomination (Abyss:1)
  A centaur zombie (D:9)
  A centaur skeleton (D:10)
  A tengu conjurer (D:10)
  A queen bee (D:11)
  6 trolls
  2 hippogriffs
  Sigmund (D:4)
  2 shadows (D:9)
  A wraith (D:11)
  A wyvern (D:10)
  5 yaks
  4 hogs (D:7)
  A human (D:7)
  4 hungry ghosts
  Duvessa (D:5)
  A porcupine (D:7)
  An orc warrior (D:8)
  2 ice beasts
  2 phantoms
  2 sky beasts
  4 ogres
  7 centaurs
  A crocodile (D:7)
  5 bullfrogs
  5 big kobolds
  2 gnoll sergeants (D:6)
  Dowan (D:5)
  A scorpion (D:7)
  A water moccasin skeleton (D:8)
  A wyvern skeleton (D:5)
  46 killer bees
  14 wights
  5 howler monkeys
  3 crimson imps
  A quasit (D:8)
  13 hounds
  2 orc priests
  A jelly (D:7)
  2 gnoll shamans (D:6)
  11 orc wizards
  Crazy Yiuf (D:4)
  An iguana (D:4)
  3 worker ants
  Terence (D:3)
  A hell rat (D:7)
  A hound skeleton (D:5)
  2 worker ant zombies
  8 adders
  9 gnolls
  2 river rats (D:3)
  2 shadow imps
  An ooze (D:3)
  2 adder zombies (D:5)
  2 worms (D:3)
  3 dart slugs
  7 leopard geckos
  31 orcs
  2 bats (D:1)
  4 giant cockroaches
  18 hobgoblins
  18 jackals
  4 quokkas
  4 ball pythons
  5 frilled lizards
  8 goblins
  4 goblin skeletons (D:8)
  A goblin zombie (D:8)
  4 hobgoblin zombies (D:8)
  34 kobolds
  A kobold skeleton (D:8)
  A kobold zombie (D:8)
  2 orc zombies (D:8)
  8 rats
  3 plants
380 creatures vanquished.

Vanquished Creatures (collateral kills)
  An orc (D:10)
1 creature vanquished.

Vanquished Creatures (others)
  An orc priest (D:10)
  An orc wizard (D:10)
  A plant (D:6)
3 creatures vanquished.

Grand Total: 384 creatures vanquished

Notes
Turn   | Place    | Note
-------+----------+-------------------------------------------
     0 | D:1      | Chiseanne the Mummy Archaeologist began the quest for the
                  | Orb.
     0 | D:1      | Reached XP level 1. HP: 15/15 MP: 1/1
   155 | D:1      | Reached XP level 2. HP: 12/21 MP: 2/2
   489 | D:1      | Reached XP level 3. HP: 27/27 MP: 3/3
   767 | D:2      | Reached skill level 1 in Axes
   912 | D:2      | Found an ornate altar of the Wu Jian Council.
  1139 | D:3      | Reached XP level 4. HP: 33/33 MP: 4/4
  1171 | D:3      | Noticed Terence
  1234 | D:3      | Killed Terence
  1310 | D:3      | Found a bloodstained altar of Trog.
  1472 | D:3      | Found an iron altar of Okawaru.
  1548 | D:3      | Found a radiant altar of Vehumet.
  1609 | D:3      | Reached XP level 5. HP: 38/38 MP: 5/5
  1790 | D:3      | Reached skill level 5 in Axes
  2202 | D:4      | Noticed an ogre
  2213 | D:4      | Killed an ogre
  2213 | D:4      | Reached XP level 6. HP: 18/44 MP: 6/6
  2463 | D:4      | Noticed Sigmund
  2468 | D:4      | Killed Sigmund
  2468 | D:4      | Reached skill level 1 in Armour
  2468 | D:4      | Reached XP level 7. HP: 39/51 MP: 2/7
  2717 | D:4      | Noticed an air elemental
  3197 | D:4      | Found Turour's Food Emporium.
  3286 | D:4      | Noticed a water elemental
  3297 | D:4      | Noticed a fire elemental
  3299 | D:4      | Found a stormy altar of Qazlal.
  3347 | D:4      | Found a runed door.
  3470 | D:4      | Noticed Crazy Yiuf
  3472 | D:4      | Killed Crazy Yiuf
  3523 | D:5      | Entered Level 5 of the Dungeon
  3534 | D:5      | Reached XP level 8. HP: 60/60 MP: 2/8
  3707 | D:5      | Noticed Duvessa
  3709 | D:5      | Noticed Dowan
  3718 | D:5      | Killed Duvessa
  3721 | D:5      | Killed Dowan
  3786 | D:5      | Found a blossoming altar of Fedhas.
  3906 | D:5      | Found an opulent altar of Gozag.
  3914 | D:5      | Became a worshipper of Gozag Ym Sagoz the Greedy
  4313 | D:6      | Found Kenesoro's Antique Weapon Emporium.
  4448 | D:6      | Found a shadowy altar of Dithmenos.
  4550 | D:6      | Reached skill level 5 in Fighting
  4780 | D:6      | Reached skill level 1 in Evocations
  4792 | D:6      | Reached skill level 5 in Dodging
  4792 | D:6      | Reached XP level 9. HP: 63/68 MP: 2/10
  5496 | D:6      | Bought a fine war axe for 204 gold pieces
  5496 | D:6      | Bought a translucent dire flail for 216 gold pieces
  5498 | D:6      | Identified the +8 war axe "Icinlim" {venom, rN+} (You
                  | bought it in a shop on level 6 of the Dungeon)
  5499 | D:6      | Identified the +7 dire flail "Cutasysm" {crush, rF+} (You
                  | bought it in a shop on level 6 of the Dungeon)
  5841 | D:7      | Found Namorryl's Antique Weapon Shop.
  6158 | D:7      | Noticed a death yak
  6159 | D:7      | Noticed a death yak
  6167 | D:7      | Noticed a death yak
  6175 | D:7      | Killed a death yak
  6175 | D:7      | Reached XP level 10. HP: 22/79 MP: 4/13
  6600 | D:7      | Found Ugyr's Jewellery Boutique.
  6608 | D:7      | Bought a cursed ring of attention for 54 gold pieces
  6608 | D:7      | Bought a cursed ring of teleportation for 54 gold pieces
  6627 | D:7      | Found Syqivoc's General Store.
  6632 | D:7      | Bought a scroll of blinking for 105 gold pieces
  6632 | D:7      | Bought a wand of disintegration (16) for 280 gold pieces
  6663 | D:7      | Found Miej's Jewellery Emporium.
  6666 | D:7      | Bought an uncursed ring of see invisible for 180 gold
                  | pieces
  6730 | D:7      | Found a burning altar of Makhleb.
  6800 | D:7      | Killed a death yak
  6809 | D:7      | Killed a death yak
  7026 | D:7      | Found a staircase to the Lair.
  7052 | D:7      | Found a staircase to the Ecumenical Temple.
  7453 | D:8      | Reached skill level 5 in Evocations
  7465 | D:8      | Found a glowing golden altar of the Shining One.
  7920 | D:8      | Reached XP level 11. HP: 55/86 MP: 8/15
  8165 | D:8      | Found a sparkling altar of Nemelex Xobeh.
  8165 | D:8      | Found a snail-covered altar of Cheibriados.
  8297 | D:8      | Found a staircase to the Orcish Mines.
  9462 | D:9      | Found a glowing silver altar of Zin.
  9499 | D:10     | Entered Level 10 of the Dungeon
  9535 | D:10     | Noticed a centaur warrior
  9546 | D:10     | Killed a centaur warrior
  9790 | D:10     | Noticed a cyclops
  9811 | D:10     | Killed a cyclops
  9964 | D:10     | Noticed a white ugly thing
  9979 | D:10     | Killed a white ugly thing
 10242 | D:10     | Noticed a catoblepas
 10253 | D:10     | Killed a catoblepas
 10253 | D:10     | Reached skill level 10 in Axes
 10558 | D:10     | Identified a scroll of acquirement
 10571 | D:10     | Found Liazxiaz's Food Boutique.
 10829 | D:10     | Bought a bloodstained hat for 306 gold pieces
 10829 | D:10     | Bought an ichor-stained scale mail for 306 gold pieces
 10829 | D:10     | Bought a glowing cloak for 255 gold pieces
 10830 | D:10     | Identified the +2 scale mail "Gesy" {rC+} (You bought it in
                  | a shop on level 10 of the Dungeon)
 10853 | D:10     | Identified the +2 hat of Resonance {+Blink rN+} (You bought
                  | it in a shop on level 10 of the Dungeon)
 10870 | D:11     | Noticed a seven-headed hydra
 10877 | D:11     | Killed a seven-headed hydra
 10984 | D:11     | Found Dusuc's Distillery.
 11014 | D:11     | Reached XP level 12. HP: 94/97 MP: 17/17
 11222 | D:11     | Noticed a two-headed ogre
 11225 | D:11     | Killed a two-headed ogre
 11231 | D:11     | Found Piffec's Antique Weapon Boutique.
 11272 | D:11     | Noticed a centaur warrior
 11286 | D:11     | Killed a centaur warrior
 11286 | D:11     | Reached skill level 10 in Fighting
 11299 | D:11     | Bought a jewelled dire flail for 216 gold pieces
 11300 | D:11     | Identified the +1 dire flail of the Tomato {crush, rElec
                  | rC+ Int-4} (You bought it in a shop on level 11 of the
                  | Dungeon)
 11352 | D:11     | Found Buoh's Magic Scroll Shop.
 11370 | D:11     | Bought a scroll of blinking for 120 gold pieces
 11370 | D:11     | Bought a scroll of summoning for 152 gold pieces
 11370 | D:11     | Bought a scroll of silence for 120 gold pieces
 11370 | D:11     | Bought a scroll of teleportation for 48 gold pieces
 11370 | D:11     | Bought a scroll of summoning for 152 gold pieces
 11370 | D:11     | Bought a scroll of fog for 32 gold pieces
 11370 | D:11     | Bought a scroll of fog for 32 gold pieces
 11464 | D:11     | Noticed a two-headed ogre
 11480 | D:11     | Killed a two-headed ogre
 11681 | D:11     | Noticed a tengu warrior
 11698 | D:11     | Killed a tengu warrior
 11800 | D:11     | Found Rasai's Assorted Antiques.
 11805 | D:11     | Bought an ancient scale mail for 243 gold pieces
 11816 | D:11     | Identified the +2 scale mail of Bilohirph {Slay+5} (You
                  | bought it in a shop on level 11 of the Dungeon)
 11849 | D:11     | Found a gate to the Vaults.
 11849 | D:11     | Noticed a two-headed ogre
 11854 | D:11     | Cast into level 1 of the Abyss (a wizard)
 11859 | Abyss:1  | Noticed a cacodemon
 12057 | Abyss:1  | HP: 3/98 [wretched star/orb of energy (16)]
 12058 | Abyss:1  | Killed from afar by a wretched star

Skill      XL: |  1  2  3  4  5  6  7  8  9 10 11 12 |
---------------+-------------------------------------+-----
Fighting       | 2 3 5 7 8 9 10 | 10.3
Dodging        | 3 4 5 6 7 8 9 |  9.1
Axes           | 2 4 6 7 8 9 10 | 10.6
Armour         | 1 2 3 |  3.3
Evocations     | 1 4 5 6 7 |  7.6
Maces & Flails | |  0.7
Stealth        | |  2.6

Action                   |  1- 3 |  4- 6 |  7- 9 | 10-12 || total
-------------------------+-------+-------+-------+-------++-------
Melee: Short sword       |    97 |   152 |       |       ||   249
       Whip              |     8 |       |       |       ||     8
       Battleaxe         |       |    13 |   220 |    37 ||   270
       War axe           |       |       |    43 |   367 ||   410
       Dire flail        |       |       |       |     2 ||     2
Throw: Stone             |       |     1 |       |       ||     1
       Tomahawk          |       |       |       |     4 ||     4
Invok: Call Merchant     |       |       |       |     1 ||     1
Evoke: Wand              |       |       |     3 |    16 ||    19
  Use: Scroll            |     4 |     2 |     9 |     7 ||    22
 Stab: Distracted        |       |       |     3 |     5 ||     8
       Sleeping          |       |       |     1 |     1 ||     2
Armor: Ring mail         |    45 |    74 |   106 |   131 ||   356
       Scale mail        |       |       |       |    89 ||    89
Dodge: Dodged            |    70 |   125 |   176 |   384 ||   755
